 Dungeon Crawl Stone Soup version 0.20-a0-958-g783e32d (webtiles) character file.

37905 Deemzul the Carver (level 13, -1/104 HPs)
             Began as a Demonspawn Fighter on Apr 6, 2017.
             Was a High Priest of Okawaru.
             Slain by a sun demon (11 damage)
             ... summoned by an orc high priest
             ... on level 2 of the Orcish Mines.
             The game lasted 00:30:09 (19134 turns).

Deemzul the Carver (Demonspawn Fighter)            Turns: 19134, Time: 00:30:09

Health: -1/104     AC: 16    Str: 17    XL:     13   Next: 60%
Magic:  21/21      EV: 16    Int: 10    God:    Okawaru [*****.]
Gold:   1437       SH: 16    Dex: 22    Spells: 12/12 levels left

rFire    . . .     SeeInvis .   k - +4 scimitar
rCold    . . .     Gourm    .   K - +2 shield
rNeg     + . .     Faith    .   l - +0 steam dragon scales
rPois    +         Spirit   .   (helmet unavailable)
rElec    .         Reflect  .   U - scarf {repulsion}
rCorr    .         Harm     .   H - +0 pair of gloves
MR       +....                  O - +1 pair of boots {run}
Stlth    +++++.....             (no amulet)
Regen    0.0/turn               J - ring of loudness (curse)
MPRegen  0.2/turn               Q - +3 ring of dexterity

@: heroism, repel missiles, quick
A: horns 3, iridescent scales 2, agile 1, magic resistance 1, negative energy
resistance 1, nightstalker 3, poison resistance, powered by death 1, inhibited
regeneration, wild magic 1, evolution 1
a: Heroism, Finesse, Renounce Religion


You were on level 2 of the Orcish Mines.
You worshipped Okawaru.
Okawaru was extremely pleased with you.
You were not hungry.

You visited 3 branches of the dungeon, and saw 16 of its levels.
You also visited: Ossuary.

You collected 1781 gold pieces.
You spent 344 gold pieces at shops.

Inventory:

Hand Weapons
 k - a +4 scimitar (weapon)
Armour
 l - +0 steam dragon scales (worn)
 H - a +0 pair of gloves (worn)
 K - a +2 shield (worn)
 O - a +1 pair of boots of running (worn)
 U - a scarf of repulsion (worn)
Jewellery
 J - a cursed ring of loudness (left hand)
 Q - a +3 ring of dexterity (right hand)
Wands
 a - a wand of iceblast (6/15)
 b - a wand of acid (11/15)
 o - a wand of iceblast (6/15)
 r - a wand of lightning (3/15)
 s - a wand of lightning (6/15)
 I - a wand of confusion (12/48)
 L - a wand of random effects (11/48)
 P - a wand of lightning (9/15)
 S - a wand of acid (9/15)
 V - a wand of acid (8/15)
 Z - a wand of disintegration (13/24)
Scrolls
 e - 3 scrolls of amnesia {unknown}
 h - 11 scrolls of identify
 j - 6 scrolls of teleportation
 m - 3 scrolls of enchant armour
 t - a scroll of magic mapping
 v - 7 scrolls of remove curse
 x - a scroll of summoning {unknown}
 y - 2 scrolls of recharging {unknown}
 z - 3 scrolls of noise {unknown}
 A - 2 scrolls of blinking
 M - 2 scrolls of enchant weapon {unknown}
 T - 4 scrolls of immolation
Potions
 c - a potion of brilliance
 d - 2 potions of might
 i - 4 potions of mutation
 u - a potion of ambrosia
 B - 2 potions of lignification
 D - a potion of invisibility
 E - 2 potions of curing
 N - 2 potions of flight
Books
 q - a book of Misfortune

   Spells                             Type                      Level
   a - Confusing Touch                Hexes                        1
   b - Confuse                        Hexes                        3
   c - Gell's Gravitas                Translocation                3
   d - Petrify                        Transmutation/Earth          4
   e - Metabolic Englaciation         Hexes/Ice                    5
   f - Yara's Violent Unravelling     Hexes/Transmutation          5
 Y - a book of Cantrips

   Spells                             Type                      Level
   a - Confusing Touch                Hexes                        1
   b - Animate Skeleton               Necromancy                   1
   c - Summon Small Mammal            Summoning                    1
   d - Apportation                    Translocation                1
Comestibles
 f - 13 bread rations
 g - 11 meat rations
 n - 5 fruits
 p - 3 royal jellies
 w - 10 chunks of flesh


   Skills:
 + Level 10.7(15.7) Fighting
 * Level 12.6(17.6) Long Blades
 + Level 9.8(14.8) Armour
 + Level 9.3(14.3) Shields
 + Level 11.4 Invocations


You had 12 spell levels left.
You didn't know any spells.

Dungeon Overview and Level Annotations

Branches:
Dungeon (13/15)            Temple (1/1) D:5            Lair (0/6) D:8
    Orc (2/2) D:12            Elf (0/3) Orc:2
 Vaults: D:13-14

Altars:
Ashenzari
Dithmenos
Elyvilon
Fedhas
Gozag
Hepliaklqana
Kikubaaqudgha
Nemelex Xobeh
Okawaru
Qazlal
Ru
Uskayaw
Vehumet
Xom
Yredelemnul
Zin
The Shining One

Shops:
D:6 ?   D:9 [   D:10 (

Annotations:
D:9 exclusion: ice statue


Innate Abilities, Weirdness & Mutations

You have a pair of large horns on your head.
You are mostly covered in iridescent scales. (AC +4)
You resist negative energy. (rN+)
You are completely attuned to the shadows.
You regenerate a little health from kills.
You are agile. (Dex +2)
You are resistant to hostile enchantments. (MR+)
Your system is resistant to poisons. (rPois)
You do not regenerate when monsters are visible.
Your spells are a little harder to cast, but a little more powerful.
You evolve.


Message History

You block the orc priest's attack. The sun demon hits you!!
You are engulfed in flames!!
* * * LOW HITPOINT WARNING * * *
The soul eater hits you but does no damage.
Unknown command.
You closely miss the orc high priest.
The orc high priest is heavily wounded.
You block the sun demon's attack.
The orc high priest hits you but does no damage.
You writhe in agony.
* * * LOW HITPOINT WARNING * * *
The orc priest hits you but does no damage.
Okay, then.
Unknown command.
You hit the orc high priest.
The orc high priest is heavily wounded.
You block the soul eater's attack. The sun demon hits you.
* * * LOW HITPOINT WARNING * * *
You are engulfed in flames!
You die...

.....##.......#..#..##
.^..................##
.#...............#...###
.......##.......)...#..###
....#.#.........)........##
....##...........[........##
#........######..†######...#
........## .....33.... ##..#
.......## ...)o@o.... ##.#
.......# ...#####... #.#
)).....# ... ... #.#
†......# .. #.# )†.##..# #.#
...#...# #.# )......#.o ..
#.# .......#..


.oo #.# .......#..##.o. #.# You could see a soul eater, an orc high priest, a
sun demon and an orc priest.

Vanquished Creatures
  An ettin (Orc:1)
  Josephine (D:12)
  3 centaur warriors
  3 two-headed ogres
  A queen ant (D:11)
  Nergalle (D:12)
  The ghost of Deemzul the Slasher, a novice DsFi of Okawaru (D:7)
  3 unseen horrors
  A wolf spider zombie (D:13)
  An orc knight (Orc:2)
  2 deep elf magi (D:12)
  4 orc sorcerers (Orc:2)
  6 cyclopes
  5 ugly things
  A manticore (D:13)
  Psyche (D:8)
  7 trolls
  2 hippogriffs
  A blink frog (shapeshifter) (D:13)
  A meliai zombie (D:12)
  A shadow (D:11)
  16 yaks
  2 wyverns
  7 wraiths
  A vampire (D:13)
  A spriggan (D:7)
  A basilisk (D:12)
  A steam dragon (D:7)
  2 wargs (Orc:2)
  22 soldier ants
  An acid dragon (D:12)
  26 orc warriors
  5 ice beasts
  3 sky beasts
  2 black bears (D:7)
  2 phantoms
  8 ogres
  2 wolves (Orc:1)
  2 eyes of draining
  11 centaurs
  8 big kobolds
  5 bullfrogs
  A gnoll sergeant (D:12)
  A troll zombie (D:8)
  7 killer bees
  A scorpion (D:8)
  19 wights
  2 electric eels (D:9)
  6 howler monkeys
  6 crimson imps
  A bullfrog zombie (D:12)
  2 centaur zombies
  2 quasits
  A human zombie (D:8)
  19 orc priests
  4 centaur skeletons
  A jelly (D:5)
  4 bullfrog skeletons
  3 hounds
  39 orc wizards
  A human skeleton (D:8)
  2 iguanas
  Jessica (D:2)
  Terence (D:2)
  Natasha (D:2)
  26 worker ants
  3 hound zombies
  5 mummies
  A hound skeleton (D:7)
  2 worker ant zombies
  6 gnolls
  10 adders
  A howler monkey skeleton (D:8)
  4 shadow imps
  A white imp (D:6)
  An ooze (D:1)
  6 adder zombies
  An adder skeleton (D:5)
  2 dart slugs
  6 leopard geckos
  73 orcs
  A ball python (D:3)
  4 giant cockroaches
  6 goblins
  7 hobgoblins
  11 jackals
  24 kobolds
  3 quokkas
  8 bats
  3 frilled lizards
  A goblin zombie (Ossuary)
  5 hobgoblin zombies (Ossuary)
  2 kobold zombies (Ossuary)
  An orc skeleton (D:8)
  5 quokka zombies (Ossuary)
  9 rats
538 creatures vanquished.

Vanquished Creatures (others)
  An orc (Orc:1)
  3 plants (D:9)
4 creatures vanquished.

Grand Total: 542 creatures vanquished

Notes
Turn   | Place    | Note
-------+----------+-------------------------------------------
     0 | D:1      | Deemzul the Demonspawn Fighter began the quest for the Orb.
     0 | D:1      | Reached XP level 1. HP: 18/18 MP: 1/1
   265 | D:1      | Reached skill level 2 in Long Blades
   323 | D:1      | Gained mutation: You are partially covered in iridescent scales. (AC +2) [demonic ancestry]
   323 | D:1      | Reached XP level 2. HP: 24/24 MP: 2/2
   483 | D:1      | Gained mutation: You have a pair of small horns on your head. [demonic ancestry]
   483 | D:1      | Reached XP level 3. HP: 25/29 MP: 3/3
   827 | D:2      | Noticed Terence
   828 | D:2      | Noticed Jessica
   839 | D:2      | Killed Jessica
   848 | D:2      | Killed Terence
   848 | D:2      | Gained mutation: You are slightly more attuned to the shadows. [demonic ancestry]
   848 | D:2      | Reached XP level 4. HP: 20/35 MP: 4/4
   960 | D:2      | Reached skill level 3 in Long Blades
   986 | D:2      | Found a sparkling altar of Nemelex Xobeh.
   987 | D:2      | Found an opulent altar of Gozag.
  1404 | D:2      | Noticed Natasha
  1420 | D:2      | Killed Natasha
  1430 | D:2      | Gained mutation: You have a pair of horns on your head. [demonic ancestry]
  1430 | D:2      | Reached XP level 5. HP: 36/41 MP: 5/5
  1616 | D:3      | Noticed a centaur
  1626 | D:3      | Killed a centaur
  1884 | D:3      | Found a faded altar of an unknown god.
  2036 | D:3      | Gained mutation: You are significantly more attuned to the shadows. [demonic ancestry]
  2036 | D:3      | Reached XP level 6. HP: 48/48 MP: 6/6
  2636 | D:4      | Reached skill level 4 in Long Blades
  2700 | D:4      | Found a sand-covered staircase.
  2816 | Ossuary  | Entered an ossuary
  3029 | D:4      | Reached XP level 7. HP: 22/55 MP: 7/7
  3305 | D:4      | Found an ancient bone altar of Kikubaaqudgha.
  3305 | D:4      | Found a glowing silver altar of Zin.
  3648 | D:4      | Reached skill level 5 in Long Blades
  3858 | D:5      | Entered Level 5 of the Dungeon
  3970 | D:5      | Found a staircase to the Ecumenical Temple.
  3977 | Temple   | Entered the Ecumenical Temple
  4011 | Temple   | Became a worshipper of Warmaster Okawaru
  4311 | D:5      | Reached skill level 5 in Fighting
  4814 | D:6      | Found Suwkeah's Magic Scroll Shoppe.
  4817 | D:6      | Bought a scroll of remove curse for 45 gold pieces
  4817 | D:6      | Bought a scroll of blinking for 112 gold pieces
  4906 | D:6      | Reached skill level 1 in Invocations
  5138 | D:6      | Found a blossoming altar of Fedhas.
  5219 | D:5      | Gained mutation: You are mostly covered in iridescent scales. (AC +4) [demonic ancestry]
  5219 | D:5      | Reached XP level 8. HP: 46/62 MP: 7/9
  5488 | D:7      | Noticed Deemzul's ghost (novice DsFi)
  5536 | D:6      | Paralysed by fainting for 9 turns
  5707 | D:7      | Reached * piety under Okawaru
  5707 | D:7      | Reached skill level 5 in Armour
  5736 | D:7      | Reached skill level 6 in Long Blades
  5772 | D:7      | Reached skill level 5 in Shields
  6333 | D:7      | Killed Deemzul's ghost
  6333 | D:7      | Reached ** piety under Okawaru
  6333 | D:7      | Reached skill level 7 in Long Blades
  6333 | D:7      | Gained mutation: You are completely attuned to the shadows. [demonic ancestry]
  6333 | D:7      | Reached XP level 9. HP: 29/71 MP: 9/12
  6613 | D:7      | Gained mutation: You do not regenerate when monsters are visible. [potion of mutation]
  6613 | D:7      | Gained mutation: You have a pair of large horns on your head. [potion of mutation]
  6613 | D:7      | Gained mutation: You are dopey. (Int -2) [potion of mutation]
  6613 | D:7      | Gained mutation: You are somewhat resistant to further mutation. [potion of mutation]
  7692 | D:8      | Found a glowing golden altar of the Shining One.
  7734 | D:8      | Found a basalt altar of Yredelemnul.
  7758 | D:8      | Reached skill level 5 in Invocations
  8275 | D:8      | Reached *** piety under Okawaru
  8380 | D:8      | Noticed Psyche
  8389 | D:8      | Killed Psyche
  8389 | D:8      | Reached skill level 8 in Long Blades
  8389 | D:8      | Gained mutation: You regenerate a little health from kills. [demonic ancestry]
  8389 | D:8      | Reached XP level 10. HP: 75/79 MP: 14/14
  8436 | D:8      | Found a staircase to the Lair.
  8492 | D:8      | Noticed a two-headed ogre
  8780 | D:8      | Killed a two-headed ogre
  8807 | D:8      | Found a shimmering altar of Xom.
  8807 | D:8      | Found a shimmering altar of Xom.
  8807 | D:8      | Found a shimmering altar of Xom.
  9073 | D:9      | Noticed a two-headed ogre
  9083 | D:9      | Killed a two-headed ogre
  9128 | D:9      | Found a stormy altar of Qazlal.
  9135 | D:9      | Found Ceczisic's Antique Armour Shoppe.
  9155 | D:9      | Bought a pair of glowing boots for 187 gold pieces
  9160 | D:9      | Identified a +0 pair of boots of running (You bought it in a shop on level 9 of the Dungeon)
  9185 | D:9      | Noticed an ice statue
  9617 | D:9      | Reached **** piety under Okawaru
  9648 | D:9      | You fall through a shaft!
  9648 | D:10     | Entered Level 10 of the Dungeon
  9653 | D:10     | Found Wosmej's Weapon Boutique.
  9881 | D:9      | Reached skill level 9 in Long Blades
 10713 | D:10     | Lost mutation: You are dopey. (Int -2) [potion of mutation]
 10713 | D:10     | Lost mutation: You are somewhat resistant to further mutation. [potion of mutation]
 10713 | D:10     | Lost mutation: You have a pair of large horns on your head. [potion of mutation]
 10713 | D:10     | Gained mutation: You are agile. (Dex +2) [potion of mutation]
 10713 | D:10     | Gained mutation: Your mind is acute. (Int +2) [potion of mutation]
 10713 | D:10     | Gained mutation: You are resistant to hostile enchantments. (MR+) [potion of mutation]
 10713 | D:10     | Gained mutation: Your system is resistant to poisons. (rPois) [potion of mutation]
 10752 | D:10     | Gained mutation: You have a pair of large horns on your head. [demonic ancestry]
 10752 | D:10     | Reached XP level 11. HP: 61/86 MP: 13/16
 10846 | D:10     | Killed an unseen horror
 11001 | D:10     | Reached ***** piety under Okawaru
 11466 | D:11     | Reached skill level 10 in Long Blades
 11871 | D:11     | Received a gift from Okawaru
 11881 | D:11     | Noticed a queen ant
 11903 | D:11     | Killed a queen ant
 12303 | D:12     | Found a staircase to the Orcish Mines.
 12333 | D:12     | Gained mutation: You resist negative energy. (rN+) [demonic ancestry]
 12333 | D:12     | Reached XP level 12. HP: 85/95 MP: 18/18
 12353 | D:12     | Received a gift from Okawaru
 12354 | D:12     | Got an ichor-stained falchion {god gift}
 12363 | D:12     | Identified the +1 falchion "Bealy" {antimagic, +Blink rN+} (Okawaru gifted it to you on level 12 of the Dungeon)
 12469 | D:12     | Noticed Josephine
 12612 | D:12     | Killed Josephine
 12891 | D:12     | Gained mutation: You evolve. [mutagenic meat]
 13121 | D:12     | Reached skill level 11 in Long Blades
 13344 | D:12     | Gained mutation: Scrolls take you a little longer to read. [mutagenic meat]
 13653 | D:12     | Reached skill level 10 in Invocations
 13758 | D:12     | Received a gift from Okawaru
 13761 | D:12     | Got a faintly glowing buckler {god gift}
 13784 | D:12     | Identified the +0 buckler of Okawaru's Generosity {MP+9 Int+4} (Okawaru gifted it to you on level 12 of the Dungeon)
 14501 | D:13     | Noticed a centaur warrior
 14516 | D:13     | Killed a centaur warrior
 14531 | D:13     | Noticed a two-headed ogre
 14588 | D:12     | Gained mutation: Your spells are a little harder to cast, but a little more powerful. [evolution]
 14666 | D:13     | Killed a two-headed ogre
 15291 | D:13     | Reached skill level 10 in Fighting
 15403 | D:13     | Noticed a centaur warrior
 15415 | D:12     | Killed a centaur warrior
 15627 | D:13     | Reached XP level 13. HP: 60/103 MP: 21/21
 16353 | D:13     | Lost mutation: Scrolls take you a little longer to read. [mutagenic meat]
 16404 | D:13     | Reached skill level 12 in Long Blades
 16549 | D:13     | Noticed a fire dragon
 16610 | Orc:1    | Entered Level 1 of the Orcish Mines
 16615 | Orc:1    | Noticed Nergalle
 16725 | D:12     | Killed Nergalle
 16725 | D:12     | Received a gift from Okawaru
 17008 | Orc:1    | Lost mutation: Your mind is acute. (Int +2) [evolution]
 17264 | Orc:1    | Noticed an ettin
 17712 | Orc:1    | Killed an ettin
 17809 | Orc:2    | Entered Level 2 of the Orcish Mines
 17910 | Orc:2    | Found a staircase to the Elven Halls.
 18438 | Orc:2    | Paralysed by an orc sorcerer for 4 turns
 19134 | Orc:2    | Slain by a sun demon

Vault maps used:
D:1:      dpeg_arrival_rooms_c
D:2:      grunt_temple_overflow_opulence, first_bread, uniq_natasha,
          uniq_jessica, uniq_terence
D:3:      kennysheep_big_flooded_room, chequers_ecumenical_altar_simple
D:4:      gammafunk_temple_overflow_pools, nicolae_ossuary_entry_plus,
          abandoned_shop
D:5:      temple_statues
D:6:      serial_shops, shop, basic_altar, minmay_fire_ice_demons
D:7:      the_bakery
D:8:      tso_altar, xom_shifter_show, dpeg_oklobed_lair,
          lemuel_mausoleum_altar_yredelemnul, uniq_psyche
D:9:      lemuel_ice_statue, nicolae_overflow_crystal_walls, serial_shops,
          shop_coins, serial_bayou, serial_bayou_lake_a, serial_bayou_pond_c,
          serial_bayou_pond_d, serial_bayou_shore_b
D:10:     serial_shops, shop
D:11:     minivault_29
D:12:     kennysheep_orc_monster_closet_entryway, lightli_fourway_metalbox,
          uniq_josephine
D:13:     hangedman_decor_riveting
Temple:   regret_index_temple_waves
Orc:1:    giant_chief_lemuel, uniq_nergalle
Orc:2:    st_orc_mages
Ossuary:  ossuary_minmay_chase

Skill      XL: |  1  2  3  4  5  6  7  8  9 10 11 12 13 |
---------------+----------------------------------------+-----
Long Blades    | 2 3 4 5 7 8 9 10 11 12 | 12.6
Armour         | 3 4 5 6 7 8 9 |  9.8
Shields        | 3 4 5 6 7 8 9 |  9.3
Fighting       | 4 5 6 7 8 9 10 | 10.7
Invocations    | 1 4 5 7 9 10 11 | 11.4

Action                   |  1- 3 |  4- 6 |  7- 9 | 10-12 | 13-15 || total
-------------------------+-------+-------+-------+-------+-------++-------
Melee: Long sword        |    97 |   177 |   493 |       |       ||   767
       Headbutt          |     3 |    37 |   116 |   244 |    94 ||   494
       Unarmed           |       |     7 |       |       |       ||     7
       Scimitar          |       |       |    41 |   843 |   352 ||  1236
       Falchion          |       |       |       |     8 |       ||     8
Invok: Heroism           |       |       |     5 |    30 |    15 ||    50
       Finesse           |       |       |       |     1 |     1 ||     2
Evoke: Wand              |       |     1 |       |       |     1 ||     2
  Use: Potion            |       |       |     8 |     2 |     4 ||    14
       Scroll            |       |       |       |       |     8 ||     8
 Stab: Confused          |       |     1 |       |       |       ||     1
       Sleeping          |       |     1 |    15 |    25 |     3 ||    44
       Distracted        |       |       |     1 |     3 |     4 ||     8
       Invisible         |       |       |     1 |       |       ||     1
  Eat: Chunk             |       |     7 |    17 |    34 |    13 ||    71
       Fruit             |       |       |     2 |       |       ||     2
Armor: Scale mail        |    45 |   118 |   152 |       |       ||   315
       Skin              |       |     2 |    28 |       |       ||    30
       Steam dragon scal |       |       |    41 |   201 |    99 ||   341
Dodge: Dodged            |    28 |   105 |   139 |   233 |   101 ||   606
       Deflected         |       |       |       |     1 |     2 ||     3
Block: Shield            |     8 |       |   253 |   366 |    76 ||   703
       Buckler           |    15 |    50 |    22 |    42 |    65 ||   194
       Rpst.: Long sword |     8 |    20 |    42 |       |       ||    70
       Scimitar          |       |       |     1 |    69 |    30 ||   100
